Map: Ascension to Aiur LE

Players

JagrsMullets - Winner!

  • Race: Protoss Protoss
  • Spawn Location: 5:00

A.I. 1 (Harder)

  • Race: Protoss Protoss
  • Spawn Location: 11:00

VOD

Have the link to the VOD?

Description

Time

  • Played on: Dec. 24, 2017, 9:15 p.m.
  • Length: 20:59
Show
View Real Time Build Order
Export as new Build Order

JagrsMullets Protoss - Winner!

Build Orders: Cannon Rush 

Get SALT Encoding   

  12  0:01  Probe (Chrono Boost)  
  13  0:12  Probe (Chrono Boost)  
  14  0:21  Pylon  
  14  0:23  Probe  
  15  0:39  Probe  
  16  0:48  Forge  
  16  0:51  Probe  
  16  0:53  Assimilator  
  17  1:03  Probe  
  18  1:08  Gateway  
  18  1:15  Probe (Chrono Boost)  
  18  1:17  Pylon  
  19  1:27  Probe (Chrono Boost)  
  20  1:42  Photon Cannon  
  20  1:46  Photon Cannon  
  20  1:54  Photon Cannon  
  20  2:00  Pylon  
  20  2:10  Photon Cannon  
  20  2:22  Photon Cannon  
  20  2:33  Photon Cannon  
  20  2:38  Photon Cannon  
  20  2:53  Cybernetics Core  
  20  2:55  Zealot  
  22  3:10  Photon Cannon  
  22  3:17  Probe (Chrono Boost)  
  22  3:19  Zealot  
  26  3:27  Probe (Chrono Boost)  
  26  3:32  Warp Gate, Probe (Chrono Boost)  
  27  3:55  Nexus  
  27  4:08  Photon Cannon  
  27  4:19  Gateway  
  27  4:25  Gateway  
  27  4:30  Pylon  
  27  4:37  Pylon  
  27  4:47  Photon Cannon  
  27  4:55  Assimilator  
  27  4:59  Probe (Chrono Boost)  
  28  5:00  Assimilator  
  28  5:05  Assimilator  
  28  5:19  Photon Cannon  
  28  5:24  Photon Cannon  
  28  5:33  Photon Cannon  
  28  5:42  Photon Cannon  
  28  5:50  Probe (Chrono Boost)  
  29  6:00  Probe (Chrono Boost)  
  30  6:05  Stalker, Probe (Chrono Boost)  
  30  6:07  Stalker  
  35  6:22  Stalker  
  37  6:35  Photon Cannon  
  37  6:37  Photon Cannon  
  35  6:50  Stalker  
  35  6:51  Stalker  
  35  6:53  Adept  
  41  7:00  Probe (Chrono Boost)  
  40  7:10  Probe (Chrono Boost)  
  40  7:15  Probe (Chrono Boost)  
  42  7:27  Forge  
  42  7:39  Twilight Council  
  42  7:45  Stargate  
  42  7:48  Stargate  
  42  7:51  Stargate  
  42  8:04  Stalker x2  
  42  8:05  Stalker  
  48  8:14  Photon Cannon  
  48  8:26  Photon Cannon  
  48  8:35  Adept x3  
  54  8:43  Probe (Chrono Boost)  
  55  8:52  Probe (Chrono Boost)  
  55  8:54  Probe (Chrono Boost)  
  57  8:56  Protoss Ground Weapons Level 1  
  57  9:00  Probe (Chrono Boost)  
  57  9:01  Probe (Chrono Boost)  
  57  9:02  Protoss Ground Armor Level 1  
  59  9:05  Probe (Chrono Boost)  
  59  9:09  Probe  
  61  9:13  Pylon  
  61  9:16  Pylon  
  61  9:20  Pylon  
  61  9:25  Pylon  
  61  9:31  Pylon  
  61  9:37  Stalker  
  61  9:38  Stalker  
  65  10:24  Probe  
  66  10:36  Void Ray x3, Probe  
  66  10:41  Blink (Chrono Boost)  
  79  10:48  Probe  
  80  11:00  Probe  
  81  11:13  Probe  
  81  11:16  Nexus  
  81  11:18  Sentry x2  
  84  11:19  Void Ray  
  84  11:20  Sentry  
  92  11:26  Void Ray  
  92  11:32  Oracle  
  99  12:27  Fleet Beacon  
  99  12:30  Void Ray x3  
  99  12:35  Resonating Glaives  
  111  13:07  Assimilator  
  111  13:10  Probe (Chrono Boost)  
  111  13:11  Assimilator  
  112  13:13  Void Ray  
  117  13:20  Probe (Chrono Boost)  
  117  13:25  Probe (Chrono Boost), Pylon  
  118  13:27  Pylon  
  118  13:29  Pylon  
  118  13:32  Pylon  
  118  13:34  Pylon  
  118  13:35  Void Ray  
  118  13:36  Pylon  
  118  13:38  Pylon  
  122  13:42  Void Ray  
  126  13:55  Void Ray  
  138  14:04  Mothership (Chrono Boost)  
  138  14:13  Probe (Chrono Boost)  
  139  14:23  Probe (Chrono Boost)  
  140  14:25  Pylon  
  140  14:27  Probe (Chrono Boost)  
  140  14:28  Pylon  
  141  14:32  Pylon  
  141  14:35  Pylon  
  141  14:39  Probe  
  142  14:51  Probe  
  143  15:19  Void Ray  
  143  15:20  Void Ray x2  
  155  15:49  Stalker  
  157  15:51  Stalker  
  157  15:52  Stalker  
  161  16:02  Void Ray x2  
  169  16:04  Protoss Air Armor Level 1  
  169  16:08  Protoss Ground Armor Level 2  
  169  16:10  Protoss Ground Weapons Level 2  
  169  16:21  Probe (Chrono Boost)  
  170  16:30  Probe (Chrono Boost)  
Show
View Real Time Build Order
Export as new Build Order

A.I. 1 (Harder) Protoss 

Build Orders:  

Get SALT Encoding   

  12  0:00  Probe  
  13  0:13  Probe  
  14  0:19  Pylon  
  14  0:25  Probe  
  15  0:37  Probe  
  15  0:41  Gateway  
  16  0:46  Assimilator  
  17  0:50  Probe  
  17  1:00  Pylon  
  17  1:02  Probe  
  18  1:14  Probe  
  19  1:27  Probe  
  19  1:29  Zealot  
  19  1:30  Cybernetics Core  
  22  1:44  Gateway  
  22  1:47  Assimilator  
  22  2:05  Pylon  
  22  2:07  Stalker, Warp Gate  
  22  2:30  Zealot  
  24  2:37  Stalker  
  26  2:58  Zealot  
  28  3:05  Pylon  
  28  3:07  Stalker  
  30  3:16  Probe  
  31  3:25  Stalker  
  33  3:28  Probe  
  34  3:35  Pylon  
  34  3:37  Zealot  
  34  3:40  Probe  
  37  3:52  Probe  
  37  3:55  Adept  
  40  3:59  Forge  
  40  4:04  Zealot, Probe  
  43  4:16  Probe  
  44  4:30  Stalker  
  44  4:36  Gateway  
  42  4:38  Stalker  
  42  4:44  Pylon  
  40  4:53  Protoss Ground Weapons Level 1, Zealot  
  42  5:01  Sentry  
  44  5:12  Twilight Council  
  44  5:13  Sentry  
  44  5:24  Sentry  
  44  5:31  Zealot  
  38  5:38  Zealot  
  36  5:47  Sentry  
  36  5:49  Blink  
  36  5:55  Zealot  
  36  6:02  Sentry  
  34  6:10  Stalker  
  36  6:17  Adept  
  36  6:18  Probe  
  36  6:25  Zealot  
  35  6:30  Probe  
  29  6:33  Zealot  
  29  6:37  Stalker  
  32  6:42  Probe  
  32  6:45  Sentry  
  33  6:53  Zealot  
  31  6:54  Probe  
  31  7:01  Stalker  
  31  7:06  Probe  
  31  7:08  Sentry  
  28  7:15  Zealot  
  30  7:18  Probe  
  31  7:24  Sentry  
  33  7:32  Nexus  
  33  7:39  Zealot  
  35  7:46  Sentry  
  37  7:54  Adept  
  37  7:58  Protoss Ground Armor Level 1  
  38  8:05  Zealot  
  40  8:13  Zealot  
  42  8:28  Templar Archives  
  42  8:44  Probe x2  
  34  8:56  Probe x2  
  35  9:06  High Templar  
  35  9:08  Probe x2  
  39  9:16  Stalker x2  
  38  9:20  Probe  
  38  9:21  Probe  
  38  9:23  High Templar  
  37  9:32  Probe  
  35  9:38  Probe  
  33  9:49  Probe  
  26  9:56  High Templar  
  26  9:57  Probe  
  26  10:03  Probe  
  15  10:32  High Templar  
  17  10:49  Nexus  
  17  11:01  Probe  
  18  11:07  Probe  
  18  11:09  High Templar  
  21  11:13  Probe  
  22  11:19  Archon, Probe  
  18  11:43  High Templar  
  18  11:44  Assimilator  
  20  11:55  Zealot  
  22  12:02  Probe x2  
  24  12:12  Zealot  
  24  12:15  High Templar  
  28  12:19  Probe  
  28  12:20  Archon  
  28  12:24  Stalker  
  30  12:34  Zealot  
  31  12:39  Probe  
  32  12:47  Zealot  
  32  12:48  Stalker  
  36  12:56  Stalker  
  37  13:01  Probe  
  38  13:11  Stalker  
  40  13:19  Probe  
  40  13:25  Stalker  
  40  13:35  Stalker  
  40  13:40  Probe  
  42  13:44  Probe  
  42  13:47  Probe  
  44  13:52  Probe  
  45  13:57  Probe  
  43  14:04  Probe  
  43  14:09  Stalker  
  25  14:18  Stalker  
  22  14:26  Stalker  
  24  14:35  Stalker  
  24  14:43  Stalker  
  26  14:52  Stalker  
  28  15:10  Robotics Facility  
  28  15:47  Stargate  
  28  15:59  Warp Prism  
  25  16:18  Assimilator  
  25  16:20  Probe  
  22  16:28  Assimilator  
  22  16:35  Stalker  
  22  16:39  Probe  
  24  16:49  Fleet Beacon  
  24  16:51  Stalker  
  26  16:58  Probe  
  24  17:04  Zealot  
  24  17:06  Stalker  
  28  17:14  Zealot  
  30  17:17  Probe  
  30  17:24  Zealot  
  30  17:29  Stalker  
  34  17:35  Probe  
  34  17:38  Probe  
  34  17:41  Probe  
  30  17:50  Stalker  
  14  18:47  Probe x2  
  14  19:12  Probe  
  14  19:16  Probe  
  16  19:24  Probe  
  17  19:28  Probe  
  18  19:35  Assimilator  
  18  19:36  Probe  
  18  19:41  Probe  
  9  19:53  Probe  
  9  20:36  Probe  
  10  20:45  Nexus  
Tags
 
Add a new tag
Caveats
  • Supply blocks, unpowered buildings, or Contaminate may cause inaccurate times.
  • Supply counts are checked every 10 seconds.